 Dungeon Crawl Stone Soup version 0.26-b1-32-g5d43845318 (webtiles) character file.

Game seed: 16902613620983910490

30 HoaS the Shield-Bearer (level 3, 0/29 HPs)
             Began as a Formicid Fighter on Jan 12, 2021.
             Succumbed to an adder's poison
             ... on level 2 of the Dungeon.
             The game lasted 00:01:48 (925 turns).

HoaS the Shield-Bearer (Formicid Fighter)            Turns: 925, Time: 00:01:48

Health: 0/29       AC:  6    Str: 21    XL:     3   Next: 37%
Magic:  3/3        EV:  8    Int:  7    God:
Gold:   90         SH:  9    Dex: 10    Spells: 2/2 levels left

rFire    . . .     SeeInvis +   a - +1 quarterstaff
rCold    . . .     Faith    .   c - +0 kite shield
rNeg     . . .     Spirit   .   b - +0 scale mail
rPois    .         Reflect  .   (helmet unavailable)
rElec    .         Harm     .   (no cloak)
rCorr    .         Rampage  .   (no gloves)
Will     .....                  (no boots)
Stlth    ..........             (no amulet)
HPRegen  0.09/turn              (no ring)
MPRegen  0.08/turn              (no ring)

@: lethally poisoned (0 -> -4), attractive
A: permanent stasis, dig shafts and tunnels, four strong arms, antennae 3
a: Dig, Shaft Self


You were on level 2 of the Dungeon.
You visited 1 branch of the dungeon, and saw 2 of its levels.

You collected 90 gold pieces.

Inventory:

Hand Weapons
 a - a +1 quarterstaff (weapon)
Armour
 b - a +0 scale mail (worn)
 c - a +0 kite shield (worn)
Jewellery
 g - an uncursed ring of willpower {unknown}
Scrolls
 f - a scroll of magic mapping
Potions
 d - a potion of might
 i - a potion of flight


   Skills:
 - Level 3.2 Fighting
 * Level 3.1 Staves
 - Level 3.2 Armour
 + Level 4.1 Shields


You had 2 spell levels left.
You didn't know any spells.
Your spell library was empty.

Dungeon Overview and Level Annotations

Branches:
Dungeon (2/15)

Altars:
Fedhas
Zin


Innate Abilities, Weirdness & Mutations

You cannot be hasted, slowed, berserked, paralysed or teleported.
You can dig through walls and to a lower floor.
Your four strong arms can wield two-handed weapons with a shield.
You have a pair of large antennae on your head. (SInv)


Message History

* * * LOW HITPOINT WARNING * * *
You feel sick. You block the bat's attack.
You see here an adder corpse.
You block the bat's attack.
You hit the bat.
You kill the bat!
* * * LOW HITPOINT WARNING * * *
You feel sick.
Found 4 gold pieces.
* * * LOW HITPOINT WARNING * * *
You feel sick.
It was a potion of attraction.
You feel attractive to monsters.
Okay, then.
There is a lethal amount of poison in your body!
* * * LOW HITPOINT WARNING * * *
You feel sick.
* * * LOW HITPOINT WARNING * * *
You feel sick.
You die...

#######[# *,,,,* ........# *....#
######..# *.$..#
######..########*....#********
............)...+....+,,,,,,,*
...###..#########....#******,****
.#.###..###........#*******,,,,,,
.........('((......+,,,,,,,,,,,,,
.#.###..###..†..@..#*******,,,***
.#,* #..# #..).....# *,*,* ,#,*
#..# #........# *,*,** ,*,*
#..#*##########* *,*,,* ,*,*
#...,,,,,,,,,,,* *,**,** ,*,*
#.##****,,,***,* *,**,,* ,*,* #.*
*,,,* *,* *,*,,,, ,*,* *,*
*,,,***,*******,*,*,* ,*,***+**
*,,,*,,,,,,,,,,,*,,,,


There were no monsters in sight!

Vanquished Creatures
  An adder (D:2)
  A worm (D:2)
  2 leopard geckos (D:1)
  3 bats
  A giant cockroach (D:1)
  3 goblins (D:1)
  A hobgoblin (D:2)
  A ball python (D:1)
  2 frilled lizards (D:1)
  2 rats (D:1)
17 creatures vanquished.

Notes
Turn   | Place    | Note
-------+----------+-------------------------------------------
     0 | D:1      | HoaS the Formicid Fighter began the quest for the Orb.
     0 | D:1      | Reached XP level 1. HP: 18/18 MP: 1/1
   226 | D:1      | Reached XP level 2. HP: 16/24 MP: 2/2
   488 | D:1      | Reached skill level 4 in Shields
   783 | D:2      | Found a blossoming altar of Fedhas.
   783 | D:2      | Found a glowing silver altar of Zin.
   898 | D:2      | Reached XP level 3. HP: 19/29 MP: 3/3
   922 | D:2      | HP: 1/29 [poisoned by an adder]
   925 | D:2      | Succumbed to an adder's poison

Illustrated notes

Levels and vault maps discovered:
D:1:      wander_arrival_estate, layout_loops_ring
D:2:      layout_basic, gammafunk_temple_overflow_elements

Skill      XL: |  1  2  3 |
---------------+----------+-----
Shields        | 4 |  4.1
Staves         | 3 |  3.1
Fighting       | |  3.2
Armour         | |  3.2

Action                   || total
-------------------------++-------
Melee: Quarterstaff      ||    68
  Use: Scroll            ||     5
       Potion            ||     1
Armor: Scale mail        ||    38
Dodge: Dodged            ||    27
Block: Kite shield       ||    49
